COLUMBUS Blue Jackets vs PITTSBURGH Penguins

Created - 29 mars 2024 at 10:18

Goals
1 2 3 OT1 SO T
COLUMBUS Blue Jackets 1 2 1 0 0 4
PITTSBURGH Penguins 1 1 2 0 1 5
Shots
1 2 3 OT1 SO T
COLUMBUS Blue Jackets 10 12 17 5 3 44
PITTSBURGH Penguins 9 11 12 2 2 34

1st period

1. PITTSBURGH Penguins , Connor Clifton 3 (Gabriel Vilardi 10, Evgeni Malkin 33) at 7:20
2. COLUMBUS Blue Jackets , Calvin de Haan 2 (Travis Boyd 9, Max Pacioretty 5) at 18:34

Penalties :
Jordan Staal (PIT) for Tripping (Minor) at 12:05

2nd period

3. PITTSBURGH Penguins , Thomas Chabot 10 (Jake Guentzel 32, Evgeni Malkin 34) at 9:26 (PP)
4. COLUMBUS Blue Jackets , Zemgus Girgensons 9 (Neal Pionk 30, Martin Fehervary 30) at 11:00 (SH)
5. COLUMBUS Blue Jackets , Evan Rodrigues 12 (Neal Pionk 31, Kailer Yamamoto 28) at 15:25 (PP)

Penalties :
Anthony Cirelli (CLB) for Slashing (Minor) at 2:36, Adam Pelech (PIT) for Delaying the game (Minor) at 7:01, Travis Boyd (CLB) for Tripping (Minor) at 9:04, Dmitry Orlov (CLB) for Cross-checking (Minor) at 9:09, Jordan Staal (PIT) for Interference (Minor) at 15:09

3rd period

6. COLUMBUS Blue Jackets , Evan Rodrigues 13 (Ondrej Palat 13, Neal Pionk 32) at 10:35 (PP)
7. PITTSBURGH Penguins , Evgeni Malkin 15 (Gabriel Vilardi 11, Jake Guentzel 33) at 12:18
8. PITTSBURGH Penguins , Jordan Kyrou 22 (Jordan Staal 20, Brandon Carlo 34) at 18:29

Penalties :
Gabriel Vilardi (PIT) for Roughing (Minor) at 5:36, Jordan Staal (PIT) for Tripping (Minor) at 10:04, Anthony Cirelli (CLB) for Cross-checking (Minor) at 14:32, Thomas Chabot (PIT) for High sticking (Minor) at 19:48

Overtime #1

No Goal

Penalties :
No Penalty

Shootout

COLUMBUS Blue Jackets, Evan Rodrigues - Stopped by Cam Talbot
PITTSBURGH Penguins, Jason Robertson - Stopped by Thatcher Demko
COLUMBUS Blue Jackets, Anthony Cirelli - Shot Misses the Net
PITTSBURGH Penguins, Jake Guentzel - Goal!
COLUMBUS Blue Jackets, Blake Coleman - Stopped by Cam Talbot

Penalties :
No Penalty

Goalie Stats

Thatcher Demko (CLB), 30 saves from 34 shots - (0,882), OTL, 27-22-5, 65:00 minutes
Cam Talbot (PIT), 40 saves from 44 shots - (0,909), W, 26-26-3, 64:52 minutes

Players Stats for COLUMBUS Blue Jackets

Player Name              G  A  P  +/- PIM S  H  SB GA TA FO     MP     PP MP  PK MP  
------------------------------------------------------------------------------------
Andre Burakovsky         0  0  0   0  0   3  0  0  0  0  0/1    16:13   2:56   0:00 
Anthony Cirelli          0  0  0  -1  4   4  3  1  0  0  10/25  20:20   2:56   0:00 
Blake Coleman            0  0  0  -1  0   3  2  1  0  0  1/4    20:38   2:56   2:11 
Calvin de Haan           1  0  1  -1  0   2  2  2  0  0  0/0    14:56   0:00   1:41 
Dmitry Orlov             0  0  0  -1  2   2  3  1  0  0  0/0    25:28   3:00   2:14 
Eric Staal               0  0  0   1  0   3  0  0  0  0  9/9     9:00   0:00   0:00 
Evan Rodrigues           2  0  2   0  0   5  1  0  0  0  11/20  23:21   3:59   3:51 
Jake Evans               0  0  0  -2  0   4  0  0  0  0  16/23  16:03   0:00   0:00 
Kailer Yamamoto          0  1  1  -2  0   3  1  0  0  0  1/1    18:14   3:59   0:00 
Martin Fehervary         0  1  1   1  0   3  0  0  0  0  0/0    21:22   3:55   2:05 
Matt Benning             0  0  0  -1  0   0  0  1  0  0  0/0    15:05   0:00   0:29 
Max Pacioretty           0  1  1   1  0   1  0  0  0  0  0/1     7:05   0:00   0:00 
Neal Pionk               0  3  3   1  0   2  1  0  0  0  0/0    21:23   3:55   2:06 
Ondrej Palat             0  1  1  -2  0   3  0  0  0  0  0/0    18:14   3:59   0:00 
Ryan Poehling            0  0  0   0  0   1  1  0  0  0  8/16   12:06   0:00   1:54 
Seth Jones               0  0  0  -1  0   3  4  0  0  0  0/0    28:33   3:00   3:28 
Travis Boyd              0  1  1   1  2   1  0  0  0  0  0/0     7:04   0:00   0:00 
Zemgus Girgensons        1  0  1   1  0   1  1  0  0  0  1/2    15:20   0:00   3:51 

Players Stats for PITTSBURGH Penguins

Player Name              G  A  P  +/- PIM S  H  SB GA TA FO     MP     PP MP  PK MP  
------------------------------------------------------------------------------------
Adam Pelech              0  0  0  -1  2   0  3  5  0  0  0/0    25:04   3:42   4:58 
Alexander Volkov         0  0  0   0  0   1  0  0  0  0  0/0     9:20   0:00   0:17 
Barclay Goodrow          0  0  0   0  0   0  2  0  0  0  6/15   15:28   0:00   1:03 
Brandon Carlo            0  1  1   0  0   2  4  5  0  0  0/0    23:59   2:20   2:49 
Connor Clifton           1  0  1   2  0   3  4  0  0  0  0/0    15:09   0:00   0:58 
Evgeni Malkin            1  2  3   0  0   5  2  0  0  0  18/38  20:18   2:57   4:07 
Gabriel Vilardi          0  2  2   0  2   1  1  0  0  0  1/1    16:59   2:57   0:00 
Jake Guentzel            0  2  2   0  0   6  5  0  0  0  0/1    17:45   2:57   1:34 
Jason Robertson          0  0  0   1  0   1  1  1  0  0  0/1    22:36   3:05   5:04 
Jesse Puljujarvi         0  0  0   0  0   2  2  0  0  0  0/1    12:02   0:00   0:00 
Jordan Kyrou             1  0  1   1  0   5  0  0  0  0  0/3    17:32   3:05   0:00 
Jordan Staal             0  1  1   1  6   3  2  1  0  0  19/35  21:02   3:05   3:33 
Nate Schmidt             0  0  0   0  0   1  0  2  0  0  0/0    24:18   2:20   4:42 
Patrik Laine             0  0  0   0  0   1  0  0  0  0  1/1    12:02   0:00   0:00 
Robert Bortuzzo          0  0  0   2  0   0  1  0  0  0  0/0    14:11   0:00   0:00 
Tanner Pearson           0  0  0   0  0   1  1  0  0  0  0/0     8:49   0:00   0:00 
Thomas Chabot            1  0  1  -1  2   2  1  4  0  0  0/0    24:05   3:42   3:59 
Yakov Trenin             0  0  0   0  0   0  1  0  0  0  0/6     7:20   0:00   0:00 

3 Stars

1 - Evgeni Malkin (PIT)
2 - Connor Clifton (PIT)
3 - Evan Rodrigues (CLB)

Power Play

COLUMBUS Blue Jackets - 2 on 6 Attempt(s) - 33,33%
PITTSBURGH Penguins - 1 on 4 Attempt(s) - 25,00%

Penalty Kill

COLUMBUS Blue Jackets - 3 on 4 Attempt(s) - 75,00% - Score 1 goal in Penalty Kill
PITTSBURGH Penguins - 4 on 6 Attempt(s) - 66,67% - Score 0 goal in Penalty Kill

Team Stat

COLUMBUS Blue Jackets - Hits : 19 - Faceoff Wins : 57 - Blocked Shots : 6 - Penalty Minutes : 8
PITTSBURGH Penguins - Hits : 30 - Faceoff Wins : 45 - Blocked Shots : 18 - Penalty Minutes : 12

Official

Referees : Jacqueline Howard and Amanda Tasson
Linesman : David Brisebois and Matt MacPherson

Game Notes

No Game Note

Finance

Level 1 -- Attendance: 4495 (74,92%) -- Ticket Income $449,500
Level 2 -- Attendance: 4065 (81,30%) -- Ticket Income $243,900
Level 3 -- Attendance: 2000 (100,00%) -- Ticket Income $70,000
Level 4 -- Attendance: 4000 (100,00%) -- Ticket Income $80,000
Luxury Box -- Attendance: 863 (86,30%) -- Ticket Income $172,600
Game was played at the Consol Energy Center.
Total Attendance: 15423 (85,68%)
Total Ticket Income: $1,016,000
Other Income: $254,000
Total Income: $1,270,000

COLUMBUS Blue Jackets

5 vs 5 Forward 
   Center                   Left Wing                Right Wing               Time % Phy DF OF 
 1 Anthony Cirelli          Evan Rodrigues           Blake Coleman            40     0   3  2  
 2 Jake Evans               Ondrej Palat             Kailer Yamamoto          30     0   4  1  
 3 Ryan Poehling            Zemgus Girgensons        Andre Burakovsky         20     0   1  4  
 4 Eric Staal               Max Pacioretty           Travis Boyd              10     1   4  0  

5 vs 5 Defense 
   Defense                  Defense                                           Time % Phy DF OF 
 1 Dmitry Orlov             Seth Jones                                        40     0   3  2  
 2 Neal Pionk               Martin Fehervary                                  30     0   4  1  
 3 Matt Benning             Calvin de Haan                                    20     0   5  0  
 4 Dmitry Orlov             Seth Jones                                        10     1   3  1  

PowerPlay Forward 
   Center                   Left Wing                Right Wing               Time % Phy DF OF 
 1 Anthony Cirelli          Andre Burakovsky         Blake Coleman            60     0   1  4  
 2 Evan Rodrigues           Ondrej Palat             Kailer Yamamoto          40     0   1  4  

PowerPlay Defense
   Defense                  Defense                                           Time % Phy DF OF 
 1 Dmitry Orlov             Seth Jones                                        60     0   1  4  
 2 Neal Pionk               Martin Fehervary                                  40     0   1  4  

Penalty Kill 4 Players Forward 
   Center                   Wing                     Time % Phy DF OF 
 1 Evan Rodrigues           Zemgus Girgensons        60     0   5  0  
 2 Ryan Poehling            Blake Coleman            40     0   5  0  

Penalty Kill 4 Players Defense
   Defense                  Defense                  Time % Phy DF OF 
 1 Dmitry Orlov             Seth Jones               60     0   5  0  
 2 Neal Pionk               Martin Fehervary         40     0   5  0  

Penalty Kill - 3 Players Forward 
   Forward                                           Time % Phy DF OF 
 1 Blake Coleman                                     60     0   5  0  
 2 Anthony Cirelli                                   40     0   5  0  

Penalty Kill - 3 Players Defense
   Defense                  Defense                  Time % Phy DF OF 
 1 Dmitry Orlov             Seth Jones               60     0   5  0  
 2 Neal Pionk               Martin Fehervary         40     0   5  0  

4 vs 4 Forward 
   Center                   Wing                     Time % Phy DF OF 
 1 Jake Evans               Andre Burakovsky         60     0   3  2  
 2 Ryan Poehling            Kailer Yamamoto          40     0   3  2  

4 vs 4 Defense
   Defense                  Defense                  Time % Phy DF OF 
 1 Dmitry Orlov             Seth Jones               60     0   4  1  
 2 Neal Pionk               Martin Fehervary         40     0   4  1  

Last Minutes Offensive
   Center                   Left Wing                Right Wing               Defense                  Defense                  
   Anthony Cirelli          Evan Rodrigues           Blake Coleman            Dmitry Orlov             Seth Jones               

Last Minutes Defensive
   Center                   Left Wing                Right Wing               Defense                  Defense                  
   Anthony Cirelli          Evan Rodrigues           Blake Coleman            Dmitry Orlov             Seth Jones               

Goaltenders
Starting : Thatcher Demko           
Backup : Mackenzie Blackwood      

Extra Forwards
Normal : Travis Boyd, Anthony Cirelli, Zemgus Girgensons - PP : Blake Coleman, Travis Boyd - PK : Ryan Poehling
Extra Defensemen
Normal : Matt Benning, Calvin de Haan, Neal Pionk - PP : Matt Benning - PK : Calvin de Haan, Neal Pionk
Penalty Shots
Evan Rodrigues, Anthony Cirelli, Blake Coleman, Kailer Yamamoto, Andre Burakovsky

Scratches
None

PITTSBURGH Penguins

5 vs 5 Forward 
   Center                   Left Wing                Right Wing               Time % Phy DF OF 
 1 Jordan Staal             Jason Robertson          Jordan Kyrou             34     1   1  3  
 2 Evgeni Malkin            Jake Guentzel            Gabriel Vilardi          30     1   1  3  
 3 Barclay Goodrow          Patrik Laine             Jesse Puljujarvi         24     1   1  3  
 4 Yakov Trenin             Tanner Pearson           Alexander Volkov         12     1   3  1  

5 vs 5 Defense 
   Defense                  Defense                                           Time % Phy DF OF 
 1 Adam Pelech              Thomas Chabot                                     38     1   1  3  
 2 Brandon Carlo            Nate Schmidt                                      36     1   3  1  
 3 Connor Clifton           Robert Bortuzzo                                   26     1   4  0  
 4 Adam Pelech              Thomas Chabot                                     0      1   4  0  

PowerPlay Forward 
   Center                   Left Wing                Right Wing               Time % Phy DF OF 
 1 Jordan Staal             Jason Robertson          Jordan Kyrou             65     0   0  5  
 2 Evgeni Malkin            Jake Guentzel            Gabriel Vilardi          35     0   1  4  

PowerPlay Defense
   Defense                  Defense                                           Time % Phy DF OF 
 1 Adam Pelech              Thomas Chabot                                     65     0   0  5  
 2 Brandon Carlo            Nate Schmidt                                      35     0   1  4  

Penalty Kill 4 Players Forward 
   Center                   Wing                     Time % Phy DF OF 
 1 Jordan Staal             Jason Robertson          60     1   4  0  
 2 Evgeni Malkin            Jake Guentzel            40     0   5  0  

Penalty Kill 4 Players Defense
   Defense                  Defense                  Time % Phy DF OF 
 1 Adam Pelech              Thomas Chabot            60     1   4  0  
 2 Brandon Carlo            Nate Schmidt             40     1   4  0  

Penalty Kill - 3 Players Forward 
   Forward                                           Time % Phy DF OF 
 1 Jordan Staal                                      50     0   5  0  
 2 Evgeni Malkin                                     50     0   5  0  

Penalty Kill - 3 Players Defense
   Defense                  Defense                  Time % Phy DF OF 
 1 Adam Pelech              Thomas Chabot            70     1   4  0  
 2 Brandon Carlo            Nate Schmidt             30     1   4  0  

4 vs 4 Forward 
   Center                   Wing                     Time % Phy DF OF 
 1 Jordan Staal             Jason Robertson          60     0   2  3  
 2 Evgeni Malkin            Jake Guentzel            40     0   2  3  

4 vs 4 Defense
   Defense                  Defense                  Time % Phy DF OF 
 1 Adam Pelech              Thomas Chabot            58     1   2  2  
 2 Brandon Carlo            Nate Schmidt             42     1   2  2  

Last Minutes Offensive
   Center                   Left Wing                Right Wing               Defense                  Defense                  
   Jordan Staal             Jason Robertson          Jordan Kyrou             Adam Pelech              Thomas Chabot            

Last Minutes Defensive
   Center                   Left Wing                Right Wing               Defense                  Defense                  
   Jordan Staal             Jason Robertson          Jordan Kyrou             Adam Pelech              Thomas Chabot            

Goaltenders
Starting : Cam Talbot               
Backup : Elvis Merzlikins         

Extra Forwards
Normal : Evgeni Malkin, Patrik Laine, Barclay Goodrow - PP : Evgeni Malkin, Patrik Laine - PK : Evgeni Malkin
Extra Defensemen
Normal : Nate Schmidt, Connor Clifton, Robert Bortuzzo - PP : Nate Schmidt - PK : Nate Schmidt, Connor Clifton
Penalty Shots
Jason Robertson, Jake Guentzel, Jordan Kyrou, Jordan Staal, Evgeni Malkin

Scratches
None


% Time on Ice - COLUMBUS Blue Jackets

Lines # - Real PCT - Wanted PCT - Time Play
Normal Forward
1 - 33% - 40% - 15:31
2 - 30% - 30% - 14:15
3 - 22% - 20% - 10:12
4 - 15% - 10% - 7:05
Normal Defense
1 - 37% - 40% - 17:24
2 - 32% - 30% - 14:53
3 - 28% - 20% - 13:15
4 - 3% - 10% - 1:31
PP Forward
1 - 42% - 60% - 2:56
2 - 58% - 40% - 3:59
PP Defense
1 - 43% - 60% - 3:00
2 - 57% - 40% - 3:55
PK Forward
1 - 67% - 60% - 3:51
2 - 33% - 40% - 1:54
PK Defense
1 - 64% - 60% - 3:40
2 - 36% - 40% - 2:05
PK3 Forward
1 - 100% - 60% - 0:17
2 - 0% - 40% - 0:00
PK3 Defense
1 - 100% - 60% - 0:17
2 - 0% - 40% - 0:00
44 Forward
1 - 100% - 60% - 1:48
2 - 0% - 40% - 0:00
44 Defense
1 - 73% - 60% - 1:19
2 - 27% - 40% - 0:29
Last Minute Offensive  - 0:00
Last Minute Defensive  - 0:00
Total
Forward - 61:48
Defense - 61:48

% Time on Ice - PITTSBURGH Penguins

Lines # - Real PCT - Wanted PCT - Time Play
Normal Forward
1 - 31% - 34% - 14:27
2 - 28% - 30% - 13:14
3 - 26% - 24% - 12:02
4 - 16% - 12% - 7:20
Normal Defense
1 - 35% - 38% - 16:25
2 - 35% - 36% - 16:27
3 - 30% - 26% - 14:11
4 - 0% - 0% - 0:00
PP Forward
1 - 51% - 65% - 3:05
2 - 49% - 35% - 2:57
PP Defense
1 - 61% - 65% - 3:42
2 - 39% - 35% - 2:20
PK Forward
1 - 77% - 60% - 5:21
2 - 23% - 40% - 1:34
PK Defense
1 - 60% - 60% - 4:10
2 - 40% - 40% - 2:45
PK3 Forward
1 - 43% - 50% - 0:46
2 - 57% - 50% - 1:02
PK3 Defense
1 - 96% - 70% - 1:44
2 - 4% - 30% - 0:04
44 Forward
1 - 0% - 60%
2 - 0% - 40%
44 Defense
1 - 0% - 58%
2 - 0% - 42%
Last Minute Offensive  - 0:00
Last Minute Defensive  - 0:00
Total
Forward - 61:48
Defense - 61:48

Play-by-Play

1st period


0:01 of 1st period - Anthony Cirelli wins face-off versus Jordan Staal in neutral zone.
0:03 of 1st period - Off-side.
0:04 of 1st period - Jake Evans wins face-off versus Evgeni Malkin in neutral zone.
0:22 of 1st period - Shot by Neal Pionk.
0:22 of 1st period - Shot Misses the Net.
0:24 of 1st period - Shot by Kailer Yamamoto.
0:24 of 1st period - Stopped by Cam Talbot without a rebound.
0:25 of 1st period - Barclay Goodrow wins face-off versus Anthony Cirelli in PITTSBURGH Penguins zone.
0:38 of 1st period - Shot by Jesse Puljujarvi.
0:38 of 1st period - Stopped by Thatcher Demko with a rebound.
0:53 of 1st period - Evan Rodrigues is hit by Robert Bortuzzo and loses puck.
1:13 of 1st period - Icing by Barclay Goodrow.
1:14 of 1st period - Barclay Goodrow wins face-off versus Ryan Poehling in PITTSBURGH Penguins zone.
1:47 of 1st period - Shot by Ryan Poehling.
1:47 of 1st period - Stopped by Cam Talbot without a rebound.
1:48 of 1st period - Jake Evans wins face-off versus Yakov Trenin in PITTSBURGH Penguins zone.
2:05 of 1st period - Shot by Jake Evans.
2:05 of 1st period - Stopped by Cam Talbot with a rebound.
2:10 of 1st period - Jake Evans is hit by Brandon Carlo and loses puck.
2:14 of 1st period - Icing by Brandon Carlo.
2:15 of 1st period - Eric Staal wins face-off versus Yakov Trenin in PITTSBURGH Penguins zone.
2:28 of 1st period - Shot by Travis Boyd.
2:28 of 1st period - Deflect By Max Pacioretty.
2:28 of 1st period - Shot Misses the Net.
2:37 of 1st period - Max Pacioretty is hit by Brandon Carlo and loses puck.
2:52 of 1st period - Off-side.
2:53 of 1st period - Evgeni Malkin wins face-off versus Anthony Cirelli in neutral zone.
2:53 of 1st period - Evgeni Malkin is hit by Anthony Cirelli.
2:57 of 1st period - Anthony Cirelli is hit by Jake Guentzel and loses puck.
4:00 of 1st period - Off-side.
4:01 of 1st period - Jordan Staal wins face-off versus Ryan Poehling in neutral zone.
4:20 of 1st period - Shot by Andre Burakovsky.
4:20 of 1st period - Stopped by Cam Talbot without a rebound.
4:21 of 1st period - Jake Evans wins face-off versus Barclay Goodrow in PITTSBURGH Penguins zone.
4:22 of 1st period - Shot by Kailer Yamamoto.
4:22 of 1st period - Shot Misses the Net.
4:24 of 1st period - Shot by Kailer Yamamoto.
4:24 of 1st period - Deflect By Jake Evans.
4:24 of 1st period - Shot Misses the Net.
4:26 of 1st period - Shot by Kailer Yamamoto.
4:26 of 1st period - Shot Blocked by Nate Schmidt.
4:34 of 1st period - Shot by Ondrej Palat.
4:34 of 1st period - Shot Blocked by Brandon Carlo.
4:36 of 1st period - Shot by Kailer Yamamoto.
4:36 of 1st period - Shot Misses the Net.
5:02 of 1st period - Calvin de Haan is hit by Barclay Goodrow and loses puck.
5:44 of 1st period - Jordan Staal is hit by Dmitry Orlov.
5:49 of 1st period - Jason Robertson is hit by Seth Jones and loses puck.
6:35 of 1st period - Icing by Martin Fehervary.
6:36 of 1st period - Ryan Poehling wins face-off versus Evgeni Malkin in COLUMBUS Blue Jackets zone.
6:36 of 1st period - Ryan Poehling is hit by Jake Guentzel.
6:42 of 1st period - Shot by Jake Guentzel.
6:42 of 1st period - Stopped by Thatcher Demko with a rebound.
6:44 of 1st period - Shot by Connor Clifton.
6:44 of 1st period - Stopped by Thatcher Demko without a rebound.
6:45 of 1st period - Evgeni Malkin wins face-off versus Max Pacioretty in COLUMBUS Blue Jackets zone.
6:46 of 1st period - Shot by Gabriel Vilardi.
6:46 of 1st period - Stopped by Thatcher Demko without a rebound.
6:47 of 1st period - Evgeni Malkin wins face-off versus Jake Evans in COLUMBUS Blue Jackets zone.
6:53 of 1st period - Icing by Calvin de Haan.
6:54 of 1st period - Jake Evans wins face-off versus Evgeni Malkin in COLUMBUS Blue Jackets zone.
7:03 of 1st period - Matt Benning is hit by Gabriel Vilardi and loses puck.
7:14 of 1st period - Shot by Jake Guentzel.
7:14 of 1st period - Stopped by Thatcher Demko with a rebound.
7:16 of 1st period - Shot by Evgeni Malkin.
7:16 of 1st period - Shot Blocked by Calvin de Haan.
7:18 of 1st period - Shot by Gabriel Vilardi.
7:18 of 1st period - Shot Misses the Net.
7:20 of 1st period - Shot by Connor Clifton.
7:20 of 1st period - Goal by Connor Clifton - COLUMBUS Blue Jackets : 0 - PITTSBURGH Penguins : 1.
7:21 of 1st period - Anthony Cirelli wins face-off versus Jordan Staal in neutral zone.
7:55 of 1st period - Shot by Jordan Kyrou.
7:55 of 1st period - Stopped by Thatcher Demko without a rebound.
7:56 of 1st period - Evgeni Malkin wins face-off versus Ryan Poehling in COLUMBUS Blue Jackets zone.
7:56 of 1st period - Adam Pelech is hit by Neal Pionk and loses puck.
8:07 of 1st period - Shot by Jake Guentzel.
8:07 of 1st period - Shot Misses the Net.
8:10 of 1st period - Icing by Andre Burakovsky.
8:11 of 1st period - Ryan Poehling wins face-off versus Barclay Goodrow in COLUMBUS Blue Jackets zone.
8:11 of 1st period - Ryan Poehling is hit by Jesse Puljujarvi.
10:30 of 1st period - Jake Evans is hit by Evgeni Malkin and loses puck.
10:39 of 1st period - Kailer Yamamoto is hit by Jake Guentzel and loses puck.
12:05 of 1st period - Minor Penalty to Jordan Staal for Tripping.
12:06 of 1st period - Evan Rodrigues wins face-off versus Barclay Goodrow in PITTSBURGH Penguins zone.
12:07 of 1st period - Shot by Seth Jones.
12:07 of 1st period - Shot Blocked by Adam Pelech.
12:09 of 1st period - Shot by Kailer Yamamoto.
12:09 of 1st period - Shot Blocked by Adam Pelech.
12:11 of 1st period - Shot by Seth Jones.
12:11 of 1st period - Shot Blocked by Thomas Chabot.
12:13 of 1st period - Shot by Dmitry Orlov.
12:13 of 1st period - Stopped by Cam Talbot without a rebound.
12:14 of 1st period - Anthony Cirelli wins face-off versus Jason Robertson in PITTSBURGH Penguins zone.
12:39 of 1st period - Shot by Anthony Cirelli.
12:39 of 1st period - Shot Misses the Net.
12:41 of 1st period - Shot by Neal Pionk.
12:41 of 1st period - Shot Blocked by Adam Pelech.
12:43 of 1st period - Shot by Neal Pionk.
12:43 of 1st period - Shot Blocked by Adam Pelech.
13:25 of 1st period - Shot by Seth Jones.
13:25 of 1st period - Shot Blocked by Brandon Carlo.
14:30 of 1st period - Shot by Eric Staal.
14:30 of 1st period - Stopped by Cam Talbot without a rebound.
14:31 of 1st period - Evgeni Malkin wins face-off versus Ryan Poehling in PITTSBURGH Penguins zone.
14:37 of 1st period - Off-side.
14:38 of 1st period - Ryan Poehling wins face-off versus Barclay Goodrow in neutral zone.
15:34 of 1st period - Off-side.
15:35 of 1st period - Jake Evans wins face-off versus Jordan Staal in neutral zone.
15:37 of 1st period - Off-side.
15:38 of 1st period - Anthony Cirelli wins face-off versus Jordan Staal in neutral zone.
15:51 of 1st period - Evan Rodrigues is hit by Adam Pelech and loses puck.
16:06 of 1st period - Shot by Blake Coleman.
16:06 of 1st period - Shot Misses the Net.
16:08 of 1st period - Shot by Anthony Cirelli.
16:08 of 1st period - Shot Blocked by Jordan Staal.
16:12 of 1st period - Shot by Anthony Cirelli.
16:12 of 1st period - Stopped by Cam Talbot without a rebound.
16:13 of 1st period - Jake Evans wins face-off versus Evgeni Malkin in PITTSBURGH Penguins zone.
17:24 of 1st period - Icing by Anthony Cirelli.
17:25 of 1st period - Anthony Cirelli wins face-off versus Barclay Goodrow in COLUMBUS Blue Jackets zone.
17:25 of 1st period - Anthony Cirelli is hit by Barclay Goodrow.
17:40 of 1st period - Shot by Patrik Laine.
17:40 of 1st period - Shot Misses the Net.
17:42 of 1st period - Shot by Nate Schmidt.
17:42 of 1st period - Shot Misses the Net.
17:56 of 1st period - Shot by Patrik Laine.
17:56 of 1st period - Shot Misses the Net.
17:58 of 1st period - Shot by Brandon Carlo.
17:58 of 1st period - Stopped by Thatcher Demko with a rebound.
18:24 of 1st period - Shot by Jordan Kyrou.
18:24 of 1st period - Stopped by Thatcher Demko without a rebound.
18:25 of 1st period - Eric Staal wins face-off versus Evgeni Malkin in COLUMBUS Blue Jackets zone.
18:32 of 1st period - Shot by Calvin de Haan.
18:32 of 1st period - Shot Misses the Net.
18:34 of 1st period - Shot by Calvin de Haan.
18:34 of 1st period - Goal by Calvin de Haan - COLUMBUS Blue Jackets : 1 - PITTSBURGH Penguins : 1.
18:35 of 1st period - Jake Evans wins face-off versus Jordan Staal in neutral zone.
18:49 of 1st period - Icing by Martin Fehervary.
18:50 of 1st period - Jake Evans wins face-off versus Jake Guentzel in COLUMBUS Blue Jackets zone.
19:19 of 1st period - Shot by Kailer Yamamoto.
19:19 of 1st period - Shot Misses the Net.
19:21 of 1st period - Shot by Martin Fehervary.
19:21 of 1st period - Stopped by Cam Talbot without a rebound.
19:22 of 1st period - Jordan Staal wins face-off versus Anthony Cirelli in PITTSBURGH Penguins zone.
19:22 of 1st period - Jordan Staal is hit by Blake Coleman.
19:52 of 1st period - Shot by Evan Rodrigues.
19:52 of 1st period - Stopped by Cam Talbot without a rebound.
19:53 of 1st period - Eric Staal wins face-off versus Evgeni Malkin in PITTSBURGH Penguins zone.
19:55 of 1st period - Max Pacioretty is hit by Brandon Carlo.
Goals for this period are 1 for COLUMBUS Blue Jackets vs 1 for PITTSBURGH Penguins.
Shots for this period are 10 for COLUMBUS Blue Jackets vs 9 for PITTSBURGH Penguins.

2nd period


0:01 of 2nd period - Jordan Staal wins face-off versus Anthony Cirelli in neutral zone.
0:45 of 2nd period - Icing by Adam Pelech.
0:46 of 2nd period - Jake Evans wins face-off versus Jordan Staal in PITTSBURGH Penguins zone.
2:36 of 2nd period - Minor Penalty to Anthony Cirelli for Slashing.
2:37 of 2nd period - Evan Rodrigues wins face-off versus Jordan Staal in COLUMBUS Blue Jackets zone.
2:58 of 2nd period - Thomas Chabot is hit by Evan Rodrigues and loses puck.
4:00 of 2nd period - Shot by Jake Guentzel.
4:00 of 2nd period - Stopped by Thatcher Demko without a rebound.
4:01 of 2nd period - Jordan Staal wins face-off versus Ryan Poehling in COLUMBUS Blue Jackets zone.
4:04 of 2nd period - Shot by Adam Pelech.
4:04 of 2nd period - Shot Blocked by Blake Coleman.
4:12 of 2nd period - Shot by Adam Pelech.
4:12 of 2nd period - Shot Misses the Net.
4:14 of 2nd period - Shot by Adam Pelech.
4:14 of 2nd period - Shot Misses the Net.
4:18 of 2nd period - Shot by Thomas Chabot.
4:18 of 2nd period - Stopped by Thatcher Demko without a rebound.
4:19 of 2nd period - Evgeni Malkin wins face-off versus Evan Rodrigues in COLUMBUS Blue Jackets zone.
4:20 of 2nd period - Shot by Nate Schmidt.
4:20 of 2nd period - Stopped by Thatcher Demko without a rebound.
4:21 of 2nd period - Evan Rodrigues wins face-off versus Evgeni Malkin in COLUMBUS Blue Jackets zone.
4:29 of 2nd period - Off-side.
4:30 of 2nd period - Evan Rodrigues wins face-off versus Evgeni Malkin in neutral zone.
5:52 of 2nd period - Icing by Seth Jones.
5:53 of 2nd period - Jordan Staal wins face-off versus Jake Evans in COLUMBUS Blue Jackets zone.
6:01 of 2nd period - Icing by Dmitry Orlov.
6:02 of 2nd period - Kailer Yamamoto wins face-off versus Jordan Kyrou in COLUMBUS Blue Jackets zone.
6:02 of 2nd period - Jake Evans is hit by Jordan Staal and loses puck.
6:34 of 2nd period - Icing by Adam Pelech.
6:35 of 2nd period - Jordan Staal wins face-off versus Anthony Cirelli in PITTSBURGH Penguins zone.
6:46 of 2nd period - Shot by Anthony Cirelli.
6:46 of 2nd period - Deflect By Evan Rodrigues.
6:46 of 2nd period - Shot Misses the Net.
6:48 of 2nd period - Shot by Martin Fehervary.
6:48 of 2nd period - Shot Blocked by Thomas Chabot.
7:01 of 2nd period - Minor Penalty to Adam Pelech for Delaying the game.
7:02 of 2nd period - Evgeni Malkin wins face-off versus Anthony Cirelli in PITTSBURGH Penguins zone.
7:02 of 2nd period - Evgeni Malkin is hit by Anthony Cirelli.
7:18 of 2nd period - Shot by Seth Jones.
7:18 of 2nd period - Stopped by Cam Talbot with a rebound.
7:20 of 2nd period - Shot by Dmitry Orlov.
7:20 of 2nd period - Shot Blocked by Jason Robertson.
7:22 of 2nd period - Shot by Dmitry Orlov.
7:22 of 2nd period - Shot Blocked by Nate Schmidt.
7:30 of 2nd period - Shot by Seth Jones.
7:30 of 2nd period - Shot Misses the Net.
7:32 of 2nd period - Shot by Anthony Cirelli.
7:32 of 2nd period - Shot Misses the Net.
7:55 of 2nd period - Icing by Martin Fehervary.
7:56 of 2nd period - Evan Rodrigues wins face-off versus Evgeni Malkin in COLUMBUS Blue Jackets zone.
8:03 of 2nd period - Shot by Neal Pionk.
8:03 of 2nd period - Shot Blocked by Thomas Chabot.
8:05 of 2nd period - Shot by Kailer Yamamoto.
8:05 of 2nd period - Stopped by Cam Talbot without a rebound.
8:06 of 2nd period - Evgeni Malkin wins face-off versus Evan Rodrigues in PITTSBURGH Penguins zone.
8:23 of 2nd period - Shot by Neal Pionk.
8:23 of 2nd period - Stopped by Cam Talbot without a rebound.
8:24 of 2nd period - Blake Coleman wins face-off versus Evgeni Malkin in PITTSBURGH Penguins zone.
8:39 of 2nd period - Shot by Seth Jones.
8:39 of 2nd period - Shot Misses the Net.
8:41 of 2nd period - Shot by Anthony Cirelli.
8:41 of 2nd period - Shot Blocked by Brandon Carlo.
8:43 of 2nd period - Shot by Seth Jones.
8:43 of 2nd period - Shot Misses the Net.
8:45 of 2nd period - Shot by Anthony Cirelli.
8:45 of 2nd period - Stopped by Cam Talbot without a rebound.
8:46 of 2nd period - Jordan Staal wins face-off versus Evan Rodrigues in PITTSBURGH Penguins zone.
9:04 of 2nd period - Minor Penalty to Travis Boyd for Tripping.
9:05 of 2nd period - Evgeni Malkin wins face-off versus Evan Rodrigues in COLUMBUS Blue Jackets zone.
9:05 of 2nd period - Adam Pelech is hit by Dmitry Orlov and loses puck.
9:09 of 2nd period - Minor Penalty to Dmitry Orlov for Cross-checking.
9:10 of 2nd period - Evgeni Malkin wins face-off versus Blake Coleman in COLUMBUS Blue Jackets zone.
9:10 of 2nd period - Evgeni Malkin is hit by Calvin de Haan.
9:14 of 2nd period - Shot by Jake Guentzel.
9:14 of 2nd period - Shot Blocked by Calvin de Haan.
9:20 of 2nd period - Shot by Adam Pelech.
9:20 of 2nd period - Shot Hit the Post.
9:22 of 2nd period - Shot by Evgeni Malkin.
9:22 of 2nd period - Stopped by Thatcher Demko with a rebound.
9:24 of 2nd period - Shot by Evgeni Malkin.
9:24 of 2nd period - Deflect By Jake Guentzel.
9:24 of 2nd period - Shot Misses the Net.
9:26 of 2nd period - Shot by Thomas Chabot.
9:26 of 2nd period - Goal by Thomas Chabot - COLUMBUS Blue Jackets : 1 - PITTSBURGH Penguins : 2.
9:27 of 2nd period - Evan Rodrigues wins face-off versus Jordan Staal in neutral zone.
9:36 of 2nd period - Shot by Jordan Kyrou.
9:36 of 2nd period - Stopped by Thatcher Demko without a rebound.
9:37 of 2nd period - Evan Rodrigues wins face-off versus Jordan Staal in COLUMBUS Blue Jackets zone.
11:00 of 2nd period - Shot by Zemgus Girgensons.
11:00 of 2nd period - Goal by Zemgus Girgensons - COLUMBUS Blue Jackets : 2 - PITTSBURGH Penguins : 2.
11:01 of 2nd period - Jordan Staal wins face-off versus Ryan Poehling in neutral zone.
11:14 of 2nd period - Connor Clifton is hit by Seth Jones.
11:24 of 2nd period - Shot by Yakov Trenin.
11:24 of 2nd period - Shot Misses the Net.
11:31 of 2nd period - Tanner Pearson is hit by Seth Jones and loses puck.
11:48 of 2nd period - Shot by Connor Clifton.
11:48 of 2nd period - Shot Blocked by Dmitry Orlov.
11:50 of 2nd period - Shot by Yakov Trenin.
11:50 of 2nd period - Shot Misses the Net.
11:52 of 2nd period - Shot by Yakov Trenin.
11:52 of 2nd period - Deflect By Tanner Pearson.
11:52 of 2nd period - Stopped by Thatcher Demko without a rebound.
11:53 of 2nd period - Eric Staal wins face-off versus Evgeni Malkin in COLUMBUS Blue Jackets zone.
12:00 of 2nd period - Shot by Gabriel Vilardi.
12:00 of 2nd period - Shot Misses the Net.
12:21 of 2nd period - Icing by Travis Boyd.
12:22 of 2nd period - Eric Staal wins face-off versus Jordan Staal in COLUMBUS Blue Jackets zone.
12:24 of 2nd period - Martin Fehervary is hit by Jason Robertson and loses puck.
12:45 of 2nd period - Shot by Eric Staal.
12:45 of 2nd period - Stopped by Cam Talbot without a rebound.
12:46 of 2nd period - Anthony Cirelli wins face-off versus Evgeni Malkin in PITTSBURGH Penguins zone.
12:59 of 2nd period - Shot by Calvin de Haan.
12:59 of 2nd period - Stopped by Cam Talbot without a rebound.
13:00 of 2nd period - Jordan Staal wins face-off versus Ryan Poehling in PITTSBURGH Penguins zone.
13:00 of 2nd period - Jordan Kyrou is hit by Zemgus Girgensons and loses puck.
13:12 of 2nd period - Jordan Kyrou is hit by Seth Jones and loses puck.
13:59 of 2nd period - Shot by Jake Guentzel.
13:59 of 2nd period - Shot Misses the Net.
14:01 of 2nd period - Shot by Thomas Chabot.
14:01 of 2nd period - Deflect By Evgeni Malkin.
14:01 of 2nd period - Shot Misses the Net.
14:03 of 2nd period - Shot by Jake Guentzel.
14:03 of 2nd period - Shot Misses the Net.
14:09 of 2nd period - Shot by Jake Guentzel.
14:09 of 2nd period - Shot Misses the Net.
14:11 of 2nd period - Shot by Evgeni Malkin.
14:11 of 2nd period - Stopped by Thatcher Demko with a rebound.
14:13 of 2nd period - Shot by Evgeni Malkin.
14:13 of 2nd period - Stopped by Thatcher Demko without a rebound.
14:14 of 2nd period - Barclay Goodrow wins face-off versus Anthony Cirelli in COLUMBUS Blue Jackets zone.
14:53 of 2nd period - Shot by Jesse Puljujarvi.
14:53 of 2nd period - Stopped by Thatcher Demko without a rebound.
14:54 of 2nd period - Jake Evans wins face-off versus Evgeni Malkin in COLUMBUS Blue Jackets zone.
14:54 of 2nd period - Jake Evans is hit by Jake Guentzel.
15:08 of 2nd period - Shot by Jake Guentzel.
15:08 of 2nd period - Stopped by Thatcher Demko without a rebound.
15:09 of 2nd period - Eric Staal wins face-off versus Jordan Staal in COLUMBUS Blue Jackets zone.
15:09 of 2nd period - Minor Penalty to Jordan Staal for Interference.
15:10 of 2nd period - Evan Rodrigues wins face-off versus Evgeni Malkin in PITTSBURGH Penguins zone.
15:25 of 2nd period - Shot by Evan Rodrigues.
15:25 of 2nd period - Goal by Evan Rodrigues - COLUMBUS Blue Jackets : 3 - PITTSBURGH Penguins : 2.
15:26 of 2nd period - Ryan Poehling wins face-off versus Barclay Goodrow in neutral zone.
15:26 of 2nd period - Seth Jones is hit by Jesse Puljujarvi and loses puck.
16:10 of 2nd period - Nate Schmidt is hit by Ryan Poehling and loses puck.
16:25 of 2nd period - Shot by Evan Rodrigues.
16:25 of 2nd period - Shot Misses the Net.
17:19 of 2nd period - Shot by Kailer Yamamoto.
17:19 of 2nd period - Shot Misses the Net.
17:21 of 2nd period - Shot by Jake Evans.
17:21 of 2nd period - Stopped by Cam Talbot with a rebound.
17:29 of 2nd period - Shot by Kailer Yamamoto.
17:29 of 2nd period - Deflect By Ondrej Palat.
17:29 of 2nd period - Stopped by Cam Talbot without a rebound.
17:30 of 2nd period - Eric Staal wins face-off versus Evgeni Malkin in PITTSBURGH Penguins zone.
17:31 of 2nd period - Shot by Travis Boyd.
17:31 of 2nd period - Shot Misses the Net.
17:33 of 2nd period - Shot by Seth Jones.
17:33 of 2nd period - Stopped by Cam Talbot with a rebound.
17:35 of 2nd period - Shot by Travis Boyd.
17:35 of 2nd period - Shot Misses the Net.
17:47 of 2nd period - Shot by Travis Boyd.
17:47 of 2nd period - Shot Misses the Net.
18:36 of 2nd period - Icing by Jason Robertson.
18:37 of 2nd period - Jordan Staal wins face-off versus Blake Coleman in PITTSBURGH Penguins zone.
18:37 of 2nd period - Jordan Staal is hit by Anthony Cirelli.
19:17 of 2nd period - Off-side.
19:18 of 2nd period - Jake Evans wins face-off versus Yakov Trenin in neutral zone.
19:53 of 2nd period - Shot by Ondrej Palat.
19:53 of 2nd period - Stopped by Cam Talbot without a rebound.
19:54 of 2nd period - Ryan Poehling wins face-off versus Evgeni Malkin in PITTSBURGH Penguins zone.
Goals for this period are 2 for COLUMBUS Blue Jackets vs 1 for PITTSBURGH Penguins.
Shots for this period are 12 for COLUMBUS Blue Jackets vs 11 for PITTSBURGH Penguins.

3rd period


0:01 of 3rd period - Evgeni Malkin wins face-off versus Anthony Cirelli in neutral zone.
0:05 of 3rd period - Jake Guentzel is hit by Dmitry Orlov and loses puck.
0:12 of 3rd period - Shot by Evan Rodrigues.
0:12 of 3rd period - Shot Misses the Net.
0:44 of 3rd period - Shot by Jake Guentzel.
0:44 of 3rd period - Stopped by Thatcher Demko without a rebound.
0:45 of 3rd period - Jake Evans wins face-off versus Jordan Kyrou in COLUMBUS Blue Jackets zone.
0:52 of 3rd period - Shot by Jake Evans.
0:52 of 3rd period - Stopped by Cam Talbot with a rebound.
1:08 of 3rd period - Shot by Ondrej Palat.
1:08 of 3rd period - Stopped by Cam Talbot without a rebound.
1:09 of 3rd period - Ryan Poehling wins face-off versus Yakov Trenin in PITTSBURGH Penguins zone.
1:09 of 3rd period - Ryan Poehling is hit by Connor Clifton.
1:36 of 3rd period - Yakov Trenin is hit by Calvin de Haan and loses puck.
2:01 of 3rd period - Andre Burakovsky is hit by Adam Pelech and loses puck.
2:30 of 3rd period - Shot by Jordan Kyrou.
2:30 of 3rd period - Stopped by Thatcher Demko with a rebound.
2:36 of 3rd period - Shot by Jason Robertson.
2:36 of 3rd period - Stopped by Thatcher Demko without a rebound.
2:37 of 3rd period - Evgeni Malkin wins face-off versus Anthony Cirelli in COLUMBUS Blue Jackets zone.
2:38 of 3rd period - Shot by Jake Guentzel.
2:38 of 3rd period - Deflect By Evgeni Malkin.
2:38 of 3rd period - Stopped by Thatcher Demko with a rebound.
2:40 of 3rd period - Shot by Brandon Carlo.
2:40 of 3rd period - Stopped by Thatcher Demko without a rebound.
2:41 of 3rd period - Anthony Cirelli wins face-off versus Evgeni Malkin in COLUMBUS Blue Jackets zone.
2:41 of 3rd period - Anthony Cirelli is hit by Jake Guentzel.
3:09 of 3rd period - Shot by Dmitry Orlov.
3:09 of 3rd period - Stopped by Cam Talbot with a rebound.
3:15 of 3rd period - Shot by Gabriel Vilardi.
3:15 of 3rd period - Shot Misses the Net.
4:34 of 3rd period - Shot by Patrik Laine.
4:34 of 3rd period - Stopped by Thatcher Demko without a rebound.
4:35 of 3rd period - Eric Staal wins face-off versus Yakov Trenin in COLUMBUS Blue Jackets zone.
5:15 of 3rd period - Max Pacioretty is hit by Connor Clifton and loses puck.
5:28 of 3rd period - Zemgus Girgensons is hit by Yakov Trenin and loses puck.
5:36 of 3rd period - Minor Penalty to Gabriel Vilardi for Roughing.
5:37 of 3rd period - Jordan Staal wins face-off versus Andre Burakovsky in PITTSBURGH Penguins zone.
5:47 of 3rd period - Icing by Blake Coleman.
5:48 of 3rd period - Jordan Staal wins face-off versus Blake Coleman in COLUMBUS Blue Jackets zone.
5:51 of 3rd period - Shot by Jason Robertson.
5:51 of 3rd period - Shot Misses the Net.
6:01 of 3rd period - Shot by Anthony Cirelli.
6:01 of 3rd period - Stopped by Cam Talbot without a rebound.
6:02 of 3rd period - Jordan Staal wins face-off versus Evan Rodrigues in PITTSBURGH Penguins zone.
6:21 of 3rd period - Shot by Seth Jones.
6:21 of 3rd period - Shot Blocked by Thomas Chabot.
6:23 of 3rd period - Shot by Evan Rodrigues.
6:23 of 3rd period - Stopped by Cam Talbot without a rebound.
6:24 of 3rd period - Anthony Cirelli wins face-off versus Jordan Staal in PITTSBURGH Penguins zone.
6:40 of 3rd period - Shot by Martin Fehervary.
6:40 of 3rd period - Stopped by Cam Talbot with a rebound.
6:42 of 3rd period - Shot by Blake Coleman.
6:42 of 3rd period - Stopped by Cam Talbot without a rebound.
6:43 of 3rd period - Evan Rodrigues wins face-off versus Jordan Staal in PITTSBURGH Penguins zone.
7:06 of 3rd period - Shot by Seth Jones.
7:06 of 3rd period - Stopped by Cam Talbot without a rebound.
7:07 of 3rd period - Jordan Staal wins face-off versus Anthony Cirelli in PITTSBURGH Penguins zone.
7:24 of 3rd period - Shot by Andre Burakovsky.
7:24 of 3rd period - Shot Misses the Net.
7:26 of 3rd period - Shot by Blake Coleman.
7:26 of 3rd period - Stopped by Cam Talbot with a rebound.
7:28 of 3rd period - Shot by Blake Coleman.
7:28 of 3rd period - Stopped by Cam Talbot without a rebound.
7:29 of 3rd period - Jordan Staal wins face-off versus Evan Rodrigues in PITTSBURGH Penguins zone.
7:42 of 3rd period - Shot by Tanner Pearson.
7:42 of 3rd period - Shot Misses the Net.
7:44 of 3rd period - Shot by Yakov Trenin.
7:44 of 3rd period - Shot Misses the Net.
8:12 of 3rd period - Shot by Yakov Trenin.
8:12 of 3rd period - Shot Misses the Net.
8:14 of 3rd period - Shot by Alexander Volkov.
8:14 of 3rd period - Shot Misses the Net.
8:30 of 3rd period - Shot by Evgeni Malkin.
8:30 of 3rd period - Shot Misses the Net.
8:42 of 3rd period - Shot by Jake Guentzel.
8:42 of 3rd period - Stopped by Thatcher Demko without a rebound.
8:43 of 3rd period - Anthony Cirelli wins face-off versus Jordan Kyrou in COLUMBUS Blue Jackets zone.
9:27 of 3rd period - Icing by Anthony Cirelli.
9:28 of 3rd period - Evgeni Malkin wins face-off versus Evan Rodrigues in COLUMBUS Blue Jackets zone.
9:35 of 3rd period - Shot by Jake Guentzel.
9:35 of 3rd period - Shot Misses the Net.
9:56 of 3rd period - Off-side.
9:57 of 3rd period - Patrik Laine wins face-off versus Jake Evans in neutral zone.
10:02 of 3rd period - Shot by Connor Clifton.
10:02 of 3rd period - Stopped by Thatcher Demko without a rebound.
10:03 of 3rd period - Jake Evans wins face-off versus Jordan Staal in COLUMBUS Blue Jackets zone.
10:03 of 3rd period - Jake Evans is hit by Jordan Staal.
10:04 of 3rd period - Minor Penalty to Jordan Staal for Tripping.
10:05 of 3rd period - Evan Rodrigues wins face-off versus Evgeni Malkin in PITTSBURGH Penguins zone.
10:05 of 3rd period - Evan Rodrigues is hit by Thomas Chabot.
10:15 of 3rd period - Shot by Martin Fehervary.
10:15 of 3rd period - Shot Misses the Net.
10:17 of 3rd period - Shot by Ondrej Palat.
10:17 of 3rd period - Shot Misses the Net.
10:29 of 3rd period - Shot by Neal Pionk.
10:29 of 3rd period - Stopped by Cam Talbot with a rebound.
10:35 of 3rd period - Shot by Evan Rodrigues.
10:35 of 3rd period - Goal by Evan Rodrigues - COLUMBUS Blue Jackets : 4 - PITTSBURGH Penguins : 2.
10:36 of 3rd period - Ryan Poehling wins face-off versus Jesse Puljujarvi in neutral zone.
11:47 of 3rd period - Jordan Kyrou is hit by Kailer Yamamoto and loses puck.
12:08 of 3rd period - Shot by Kailer Yamamoto.
12:08 of 3rd period - Stopped by Cam Talbot without a rebound.
12:09 of 3rd period - Evgeni Malkin wins face-off versus Anthony Cirelli in PITTSBURGH Penguins zone.
12:16 of 3rd period - Shot by Gabriel Vilardi.
12:16 of 3rd period - Shot Blocked by Matt Benning.
12:18 of 3rd period - Shot by Gabriel Vilardi.
12:18 of 3rd period - Deflect By Evgeni Malkin.
12:18 of 3rd period - Goal by Evgeni Malkin - COLUMBUS Blue Jackets : 4 - PITTSBURGH Penguins : 3.
12:19 of 3rd period - Evgeni Malkin wins face-off versus Anthony Cirelli in neutral zone.
12:47 of 3rd period - Anthony Cirelli is hit by Connor Clifton.
12:49 of 3rd period - Shot by Evan Rodrigues.
12:49 of 3rd period - Shot Misses the Net.
14:04 of 3rd period - Off-side.
14:05 of 3rd period - Barclay Goodrow wins face-off versus Ryan Poehling in neutral zone.
14:30 of 3rd period - Icing by Brandon Carlo.
14:31 of 3rd period - Barclay Goodrow wins face-off versus Anthony Cirelli in PITTSBURGH Penguins zone.
14:31 of 3rd period - Barclay Goodrow is hit by Blake Coleman.
14:32 of 3rd period - Minor Penalty to Anthony Cirelli for Cross-checking.
14:33 of 3rd period - Evgeni Malkin wins face-off versus Evan Rodrigues in COLUMBUS Blue Jackets zone.
14:46 of 3rd period - Evan Rodrigues is hit by Evgeni Malkin and loses puck.
15:16 of 3rd period - Shot by Adam Pelech.
15:16 of 3rd period - Shot Misses the Net.
16:02 of 3rd period - Shot by Jordan Staal.
16:02 of 3rd period - Shot Misses the Net.
17:06 of 3rd period - Ondrej Palat is hit by Connor Clifton.
17:23 of 3rd period - Icing by Connor Clifton.
17:24 of 3rd period - Eric Staal wins face-off versus Barclay Goodrow in PITTSBURGH Penguins zone.
17:37 of 3rd period - Shot by Max Pacioretty.
17:37 of 3rd period - Stopped by Cam Talbot with a rebound.
17:39 of 3rd period - Shot by Travis Boyd.
17:39 of 3rd period - Stopped by Cam Talbot without a rebound.
17:40 of 3rd period - Evgeni Malkin wins face-off versus Anthony Cirelli in PITTSBURGH Penguins zone.
17:49 of 3rd period - Shot by Evan Rodrigues.
17:49 of 3rd period - Stopped by Cam Talbot with a rebound.
18:11 of 3rd period - Shot by Evan Rodrigues.
18:11 of 3rd period - Shot Misses the Net.
18:13 of 3rd period - Shot by Evan Rodrigues.
18:13 of 3rd period - Shot Blocked by Adam Pelech.
18:15 of 3rd period - Shot by Martin Fehervary.
18:15 of 3rd period - Stopped by Cam Talbot without a rebound.
18:16 of 3rd period - Jordan Staal wins face-off versus Jake Evans in PITTSBURGH Penguins zone.
18:21 of 3rd period - PITTSBURGH Penguins, Cam Talbot is pulled from the net.
18:25 of 3rd period - Shot by Jordan Staal.
18:25 of 3rd period - Stopped by Thatcher Demko with a rebound.
18:27 of 3rd period - Shot by Jordan Staal.
18:27 of 3rd period - Stopped by Thatcher Demko with a rebound.
18:29 of 3rd period - Shot by Jordan Kyrou.
18:29 of 3rd period - Goal by Jordan Kyrou - COLUMBUS Blue Jackets : 4 - PITTSBURGH Penguins : 4.
18:29 of 3rd period - Cam Talbot from PITTSBURGH Penguins was sent back in the game.
18:30 of 3rd period - Ryan Poehling wins face-off versus Yakov Trenin in neutral zone.
18:30 of 3rd period - Andre Burakovsky is hit by Tanner Pearson and loses puck.
19:02 of 3rd period - Ryan Poehling is hit by Brandon Carlo and loses puck.
19:48 of 3rd period - Minor Penalty to Thomas Chabot for High sticking.
19:49 of 3rd period - Jordan Staal wins face-off versus Evan Rodrigues in PITTSBURGH Penguins zone.
19:55 of 3rd period - Icing by Martin Fehervary.
19:56 of 3rd period - Evan Rodrigues wins face-off versus Jordan Staal in COLUMBUS Blue Jackets zone.
Goals for this period are 1 for COLUMBUS Blue Jackets vs 2 for PITTSBURGH Penguins.
Shots for this period are 17 for COLUMBUS Blue Jackets vs 12 for PITTSBURGH Penguins.

Overtime #1


0:01 of 1st overtime period - Jordan Staal wins face-off versus Jake Evans in neutral zone.
0:07 of 1st overtime period - Icing by Seth Jones.
0:08 of 1st overtime period - Jake Evans wins face-off versus Evgeni Malkin in COLUMBUS Blue Jackets zone.
0:17 of 1st overtime period - Shot by Jake Evans.
0:17 of 1st overtime period - Shot Misses the Net.
0:19 of 1st overtime period - Shot by Jake Evans.
0:19 of 1st overtime period - Shot Misses the Net.
0:35 of 1st overtime period - Shot by Jake Evans.
0:35 of 1st overtime period - Shot Misses the Net.
0:39 of 1st overtime period - Shot by Jake Evans.
0:39 of 1st overtime period - Stopped by Cam Talbot without a rebound.
0:40 of 1st overtime period - Jake Evans wins face-off versus Jordan Staal in PITTSBURGH Penguins zone.
0:40 of 1st overtime period - Jake Evans is hit by Adam Pelech.
0:56 of 1st overtime period - Shot by Andre Burakovsky.
0:56 of 1st overtime period - Stopped by Cam Talbot without a rebound.
0:57 of 1st overtime period - Evgeni Malkin wins face-off versus Jake Evans in PITTSBURGH Penguins zone.
1:12 of 1st overtime period - Shot by Andre Burakovsky.
1:12 of 1st overtime period - Stopped by Cam Talbot without a rebound.
1:13 of 1st overtime period - Jordan Staal wins face-off versus Jake Evans in PITTSBURGH Penguins zone.
1:24 of 1st overtime period - Shot by Jordan Staal.
1:24 of 1st overtime period - Stopped by Thatcher Demko without a rebound.
1:25 of 1st overtime period - Jake Evans wins face-off versus Evgeni Malkin in COLUMBUS Blue Jackets zone.
2:10 of 1st overtime period - Shot by Anthony Cirelli.
2:10 of 1st overtime period - Shot Blocked by Brandon Carlo.
2:12 of 1st overtime period - Shot by Anthony Cirelli.
2:12 of 1st overtime period - Deflect By Eric Staal.
2:12 of 1st overtime period - Shot Misses the Net.
2:14 of 1st overtime period - Shot by Anthony Cirelli.
2:14 of 1st overtime period - Shot Blocked by Brandon Carlo.
2:28 of 1st overtime period - Shot by Anthony Cirelli.
2:28 of 1st overtime period - Stopped by Cam Talbot with a rebound.
2:30 of 1st overtime period - Shot by Eric Staal.
2:30 of 1st overtime period - Stopped by Cam Talbot without a rebound.
2:31 of 1st overtime period - Anthony Cirelli wins face-off versus Barclay Goodrow in PITTSBURGH Penguins zone.
3:15 of 1st overtime period - Icing by Zemgus Girgensons.
3:16 of 1st overtime period - Gabriel Vilardi wins face-off versus Zemgus Girgensons in COLUMBUS Blue Jackets zone.
4:01 of 1st overtime period - Icing by Matt Benning.
4:02 of 1st overtime period - Barclay Goodrow wins face-off versus Anthony Cirelli in COLUMBUS Blue Jackets zone.
4:15 of 1st overtime period - Shot by Barclay Goodrow.
4:15 of 1st overtime period - Shot Misses the Net.
4:17 of 1st overtime period - Shot by Brandon Carlo.
4:17 of 1st overtime period - Shot Blocked by Anthony Cirelli.
4:19 of 1st overtime period - Shot by Alexander Volkov.
4:19 of 1st overtime period - Stopped by Thatcher Demko without a rebound.
4:20 of 1st overtime period - Zemgus Girgensons wins face-off versus Barclay Goodrow in COLUMBUS Blue Jackets zone.
Goals for this period are 0 for COLUMBUS Blue Jackets vs 0 for PITTSBURGH Penguins.
Shots for this period are 5 for COLUMBUS Blue Jackets vs 2 for PITTSBURGH Penguins.

ShootOut


5:00 of 1st overtime period - Round #1.
5:00 of 1st overtime period - COLUMBUS Blue Jackets, Evan Rodrigues.
5:00 of 1st overtime period - Stopped by Cam Talbot.
5:00 of 1st overtime period - PITTSBURGH Penguins, Jason Robertson.
5:00 of 1st overtime period - Stopped by Thatcher Demko.
5:00 of 1st overtime period - Round #2.
5:00 of 1st overtime period - COLUMBUS Blue Jackets, Anthony Cirelli.
5:00 of 1st overtime period - Shot Misses the Net.
5:00 of 1st overtime period - PITTSBURGH Penguins, Jake Guentzel.
5:00 of 1st overtime period - Goal by Jake Guentzel.
5:00 of 1st overtime period - Round #3.
5:00 of 1st overtime period - COLUMBUS Blue Jackets, Blake Coleman.
5:00 of 1st overtime period - Stopped by Cam Talbot. Output by the SimonT Hockey Simulator (STHS) for Martin Benoit - Original Page W3C HTML5 Valid
Hockey Simulator - Hockey Simulation - Hockey Manager